 Dungeon Crawl Stone Soup version 0.29.1-1-gd02db6906a (webtiles) character file.

Game seed: 13592643264748774405

8 Kold the Trooper (level 2, 24/24 HPs)
             Began as a Demonspawn Cinder Acolyte on Oct 19, 2022.
             Was a High Priest of Ignis.
             Quit the game on level 1 of the Dungeon.
             The game lasted 00:00:16 (360 turns).

Kold the Trooper (Demonspawn Cinder Acolyte)         Turns: 360, Time: 00:00:16

Health: 24/24      AC:  2    Str: 14    XL:     2   Next: 0%
Magic:  3/3        EV: 13    Int: 15    God:    Ignis [*****.]
Gold:   34         SH:  0    Dex:  8    Spells: 3/3 levels left

rFire   + . .      SeeInvis .     - Unarmed
rCold   . . .      Faith    .   (no shield)
rNeg    . . .      Spirit   .   a - +0 robe
rPois   .          Reflect  .   (no helmet)
rElec   .          Harm     .   (no cloak)
rCorr   .          Rampage  .   (no gloves)
Will    .....                   (no boots)
Stlth   +.........              (no amulet)
HPRegen 0.08/turn               (no ring)
MPRegen 0.08/turn               (no ring)

@: no status effects
A: repulsion field 1
a: Renounce Religion, Fiery Armour, Foxfire Swarm, Rising Flame


You were on level 1 of the Dungeon.
You worshipped Ignis.
Ignis was extremely pleased with you.
You visited 1 branch of the dungeon, and saw 1 of its levels.

You collected 34 gold pieces.

Inventory:

Armour
 a - a +0 robe (worn)
Potions
 b - a potion of degeneration {unknown}


   Skills:
 + Level 3.1 Fighting
 + Level 2.8 Unarmed Combat
 + Level 1.2 Spellcasting
 + Level 2.8 Fire Magic


You had 3 spell levels left.
You didn't know any spells.
Your spell library contained the following spells:

 Spells                   Type           Power      Damage    Failure   Level
 Scorch                   Fire           18%        2d6       12%         2


Dungeon Overview and Level Annotations

Branches:
Dungeon (1/15)

Altars:


Innate Abilities, Weirdness & Mutations

You are surrounded by a mild repulsion field. (EV +2)


Message History

The ball python hisses angrily.
Found a club.
Found 28 gold pieces.
The ball python barely misses you. The ball python grabs you.
The ball python constricts you.
You barely miss the ball python. The ball python barely misses you.
The ball python constricts you.
You closely miss the ball python. The ball python bites you.
The ball python constricts you.
You hit the ball python.
The ball python is moderately wounded.
The ball python closely misses you. The ball python constricts you.
You barely miss the ball python.
The ball python is moderately wounded.
The ball python barely misses you. The ball python constricts you.
You hit the ball python.
You kill the ball python!
No target in view!
No target in view!
No target in view!
A goblin comes into view. It is wielding a +0 club.
Found 15 gold pieces.
The goblin shouts!
You see here a ball python corpse.
A goblin is nearby!
A goblin is nearby!
A ball python comes into view.
The ball python hisses angrily.
The goblin hits you but does no damage.
You hit the goblin.
You kill the goblin!
Things that are here:
a +0 club; a goblin corpse You barely miss the ball python.
The ball python barely misses you. The ball python closely misses you.
The ball python barely misses you. x2
You hit the ball python.
You kill the ball python!
You have reached level 2!
Your demonic ancestry asserts itself...
You begin to radiate repulsive energy.
Are you sure you want to abandon this character and quit the game? (Confirm with "yes".)

..##..........# #
.............###
#...........##.
########.............
#........†........###
#...).............#
#.................#
#....)..##.......##
#...@...#.......#####
#...........###......
#.......##### #######
#.......# #.......#
###...### #...# #....


There were no monsters in sight!

Vanquished Creatures
  An endoplasm (D:1)
  2 goblins (D:1)
  A hobgoblin (D:1)
  3 ball pythons (D:1)
  A bat (D:1)
8 creatures vanquished.

Notes
Turn   | Place    | Note
-------+----------+-------------------------------------------
     0 | D:1      | Kold the Demonspawn Cinder Acolyte began the quest for the
                  | Orb.
     0 | D:1      | Reached XP level 1. HP: 18/18 MP: 2/2
   360 | D:1      | Gained mutation: You are surrounded by a mild repulsion
                  | field. (EV +2) [demonic ancestry]
   360 | D:1      | Reached XP level 2. HP: 24/24 MP: 3/3
   360 | D:1      | Quit the game

Illustrated notes

Levels and vault maps discovered:
D:1:      dpeg_arrival_line_fractal, layout_rooms

Action                   || total
-------------------------++-------
Melee: Unarmed           ||    20
Armor: Robe              ||     2
Dodge: Dodged            ||    17
